Map: Ulrena

Players

Syntax

  • Race: Zerg Zerg
  • League: Silver

LindyHop - Winner!

  • Race: Zerg Zerg
  • League: Platinum

VOD

Have the link to the VOD?

Description

Time

  • Played on: Jan. 16, 2016, 7:13 p.m.
  • Length: 12:07
Show
View Real Time Build Order
Export as new Build Order

Syntax Zerg 

Build Orders: Pool First 

Get SALT Encoding   

  12  0:02  Drone  
  13  0:08  Drone  
  14  0:15  Drone, Extractor  
  14  0:33  Spawning Pool  
  13  0:37  Drone  
  14  0:44  Drone, Extractor  
  15  0:53  Overlord  
  15  1:20  Metabolic Boost  
  15  1:22  Queen  
  15  1:23  Zergling x2  
  15  1:24  Zergling x2  
  19  1:28  Zergling x2  
  20  1:35  Zergling x2  
  21  1:46  Zergling x2  
  22  1:59  Hatchery  
  22  2:01  Zergling x2  
  22  2:10  Overlord  
  21  2:27  Overlord  
  21  2:30  Drone  
  21  2:35  Queen  
  21  2:36  Drone  
  25  2:39  Drone  
  26  3:00  Drone x3  
  24  3:13  Overlord  
  24  3:23  Drone x3  
  27  3:32  Zergling x2  
  28  3:35  Zergling x8  
  32  3:45  Zergling x2  
  33  3:56  Drone x2  
  33  4:00  Lair  
  35  4:02  Extractor  
  35  4:06  Drone x3, Extractor  
  35  4:07  Drone  
  35  4:09  Extractor  
  36  4:17  Drone x2  
  36  4:41  Drone  
  36  4:42  Drone x7  
  44  5:13  Spire  
  43  5:20  Overlord x3  
  43  5:31  Overlord  
  43  5:32  Overlord x2  
  43  5:43  Zergling x6  
  43  5:44  Zergling x10  
  25  6:29  Zergling x10  
  25  6:30  Zergling x12  
  36  6:36  Queen  
  38  6:43  Zergling x6  
  28  6:57  Drone  
  28  6:58  Drone  
  30  7:05  Zergling x2  
  31  7:16  Spire  
  30  7:35  Drone x4  
  24  8:29  Mutalisk  
  24  8:30  Mutalisk x6  
  27  8:47  Mutalisk  
  29  9:04  Zergling x6  
  32  9:19  Drone  
  32  9:20  Drone x2  
  35  9:41  Drone  
  35  9:43  Drone  
  37  9:45  Queen  
  39  10:28  Hatchery  
  38  10:47  Overlord x2  
  38  10:48  Overlord  
  36  11:24  Mutalisk x4  
  36  11:25  Mutalisk  
  46  11:42  Overlord  
Show
View Real Time Build Order
Export as new Build Order

LindyHop Zerg - Winner!

Build Orders: Pool First 

Get SALT Encoding   

  12  0:01  Drone  
  13  0:13  Overlord  
  13  0:18  Drone  
  14  0:31  Drone x2  
  16  0:43  Spawning Pool  
  16  0:45  Drone  
  16  0:49  Drone  
  17  0:56  Drone  
  18  1:03  Extractor  
  17  1:07  Drone  
  18  1:23  Hatchery  
  17  1:28  Drone  
  18  1:33  Zergling x2  
  18  1:36  Spine Crawler  
  18  1:41  Zergling x2  
  20  1:49  Queen  
  20  1:53  Spine Crawler  
  21  1:58  Zergling x2  
  22  2:04  Spine Crawler, Zergling x2  
  21  2:15  Overlord  
  21  2:27  Baneling Nest  
  20  2:39  Zergling x2  
  20  2:40  Zergling x2  
  22  2:47  Zergling x2  
  22  2:56  Zergling x2  
  21  3:07  Zergling x2, Spawning Pool  
  21  3:08  Zergling x4  
  21  3:11  Baneling x2  
  21  3:12  Baneling x2  
  24  3:32  Hatchery  
  23  3:38  Metabolic Boost  
  23  3:55  Overlord x2  
  23  4:34  Zergling x6  
  23  4:35  Zergling x12  
  32  4:49  Queen  
  34  4:54  Drone x2  
  34  4:58  Drone  
  37  5:03  Drone  
  37  5:07  Drone  
  39  5:10  Drone  
  40  5:20  Drone  
  40  5:21  Drone x2  
  42  5:25  Drone  
  44  5:34  Baneling  
  44  5:35  Baneling x3  
  43  5:43  Overlord  
  43  5:44  Overlord  
  43  5:58  Zergling x2  
  40  6:08  Zergling x10  
  40  6:12  Zergling x2  
  40  6:13  Zergling x4  
  40  6:18  Baneling  
  42  6:19  Baneling  
  42  6:25  Zergling x4  
  44  6:32  Baneling x2  
  43  6:34  Zergling x2  
  43  6:38  Spore Crawler  
  43  6:39  Spore Crawler  
  42  6:40  Spore Crawler  
  42  6:43  Spore Crawler x2  
  36  6:54  Zergling x2  
  32  6:56  Zergling x2  
  29  7:03  Zergling x10  
  29  7:08  Zergling x2  
  35  7:13  Lair  
  35  7:16  Zergling x2  
  35  7:20  Drone x2  
  37  7:31  Drone x2  
  39  7:39  Baneling x3  
  39  7:46  Zergling x2  
  39  7:47  Zergling x6  
  42  7:52  Baneling  
  42  7:57  Extractor  
  36  8:20  Zergling x8  
  36  8:21  Zergling x8  
  36  8:24  Drone  
  36  8:47  Drone x4  
  36  8:48  Hydralisk Den  
  38  8:49  Spore Crawler  
  37  9:07  Queen  
  39  9:12  Extractor  
  39  9:13  Extractor  
  37  9:19  Hydralisk  
  37  9:20  Hydralisk  
  37  9:22  Overlord  
  41  9:44  Overlord x2  
  41  9:47  Hydralisk x3  
  41  9:50  Hydralisk  
  49  10:01  Hydralisk  
  49  10:02  Hydralisk  
  49  10:04  Hydralisk  
  55  10:11  Hydralisk  
  57  10:18  Hydralisk  
  59  10:26  Hydralisk  
  57  10:36  Hydralisk  
  57  10:39  Drone  
  60  10:44  Drone  
  60  10:46  Drone  
  62  11:02  Hydralisk  
  62  11:03  Hydralisk  
  66  11:11  Hydralisk  
  67  11:30  Zergling x2  
  67  11:42  Overlord x2  
Tags
 
Add a new tag
Caveats
  • Supply blocks, unpowered buildings, or Contaminate may cause inaccurate times.
  • Supply counts are checked every 10 seconds.